[Event "Live Chess"]
[Site "Chess.com"]
[Date "2020.07.14"]
[Round "-"]
[White "KyronGriffith"]
[Black "jij2018"]
[Result "1-0"]
[WhiteElo "2470"]
[BlackElo "2242"]
[TimeControl "2100+2"]
[EndTime "21:14:15 PDT"]
[Termination "KyronGriffith won by resignation"]

1. e4 c5 2. Nf3 d6 3. d4 cxd4 4. Nxd4 Nf6 5. Nc3 a6 6. Bd3 e5 7. Nde2 Be7 8. O-O
O-O 9. Kh1 Nbd7 10. f4 b5 11. a4 b4 12. Nd5 Nxd5 13. exd5 Bb7 14. c4 Bf6 15. Ng3
exf4 16. Bxf4 Be5 17. Ne4 Bxf4 18. Rxf4 Ne5 19. Nf6+ gxf6 20. Qh5 Re8 21. Bxh7+
Kf8 22. Qh6+ Ke7 23. Rxf6 Rh8 24. Raf1 Qf8 25. Rxf7+ Qxf7 26. Rxf7+ Nxf7 27.
Qe6+ Kf8 28. Bg6 Rh7 29. Bxf7 Rxf7 30. Qxd6+ Kg8 31. Qg6+ Kf8 32. h4 Re8 33. h5
Rg7 34. Qd6+ Kf7 35. h6 Rg6 36. Qd7+ Re7 37. Qf5+ Rf6 38. Qh5+ Kg8 39. Qg5+ Kf7
40. h7 Re1+ 41. Kh2 Re8 42. Qh5+ 1-0

[Event "Live Chess"]
[Site "Chess.com"]
[Date "2020.07.14"]
[Round "-"]
[White "ecwinslow"]
[Black "wepkins"]
[Result "1/2-1/2"]
[WhiteElo "2278"]
[BlackElo "2369"]
[TimeControl "2100+2"]
[EndTime "21:15:30 PDT"]
[Termination "Game drawn by agreement"]

1. e4 e5 2. Nf3 Nc6 3. Bb5 Nf6 4. d3 Bc5 5. Bxc6 dxc6 6. Qe2 Bd6 7. Nbd2 O-O 8.
Nc4 Re8 9. Bg5 b5 10. Ne3 h6 11. Bh4 Be6 12. h3 a5 13. g4 g5 14. Bg3 Nd7 15. h4
f6 16. O-O-O c5 17. hxg5 hxg5 18. Nf5 Bf8 19. Rh2 Bg7 20. Rdh1 Bxf5 21. gxf5 Nf8
22. Qe3 Qe7 23. Rh5 Ra6 24. Nd2 a4 25. f3 Kf7 26. Bf2 Rc6 27. Nb1 c4 28. dxc4
Rxc4 29. Nc3 c6 30. Rd1 Rd8 31. Rxd8 Qxd8 32. Rh1 Rd4 33. Qe2 Rd7 34. a3 Qe7 35.
Na2 Qd6 36. Nb4 Ke8 37. Rd1 Qxd1+ 38. Qxd1 Rxd1+ 39. Kxd1 Kd7 40. Bc5 Kc7 41.
Ke2 Nd7 42. Be7 Bf8 43. Bxf8 Nxf8 44. Kd3 Nd7 45. c4 Kb6 46. cxb5 Kxb5 47. Kc3
Nc5 48. Nd3 Nd7 49. Nf2 Kc5 50. Ng4 1/2-1/2

[Event "Live Chess"]
[Site "Chess.com"]
[Date "2020.07.14"]
[Round "-"]
[White "optimisticrook"]
[Black "chesspilot01"]
[Result "0-1"]
[WhiteElo "1926"]
[BlackElo "2087"]
[TimeControl "2100+2"]
[EndTime "21:15:02 PDT"]
[Termination "chesspilot01 won by checkmate"]

1. c4 e6 2. d4 d5 3. Nc3 Nf6 4. Bg5 Nbd7 5. e3 Be7 6. Nf3 O-O 7. Bd3 a6 8. cxd5
exd5 9. O-O Re8 10. Rc1 Nf8 11. Ne5 c6 12. Bb1 Ne6 13. Bh4 g6 14. Kh1 Nh5 15.
Bxe7 Qxe7 16. a3 Nhg7 17. b4 Qh4 18. a4 Nc7 19. Bd3 Nf5 20. b5 axb5 21. axb5 f6
22. Nf3 Qh6 23. bxc6 bxc6 24. Na4 Ne7 25. Nc5 Bg4 26. Kg1 g5 27. h3 Bc8 28. e4
Kh8 29. Qd2 Rg8 30. Ra1 Rxa1 31. Rxa1 Qg7 32. Ne1 g4 33. h4 g3 34. Ra7 gxf2+ 35.
Qxf2 dxe4 36. Bxe4 Nb5 37. Ra8 f5 38. Bb1 Nxd4 39. Ba2 Nd5 40. Ra3 Qe5 41. Ned3
Ne2+ 42. Kh1 Qe7 43. Bc4 Ng3+ 44. Kg1 Ne2+ 45. Kh1 Rg3 46. Ra2 Qxh4# 0-1

[Event "Live Chess"]
[Site "Chess.com"]
[Date "2020.07.14"]
[Round "-"]
[White "TitanChess666"]
[Black "roboro13"]
[Result "0-1"]
[WhiteElo "2149"]
[BlackElo "1906"]
[TimeControl "2100+2"]
[EndTime "21:13:00 PDT"]
[Termination "roboro13 won by checkmate"]

1. e4 Nf6 2. d3 e5 3. Nf3 Nc6 4. g3 d5 5. exd5 Nxd5 6. Bg2 Be7 7. O-O Be6 8. Re1
Bf6 9. Nc3 Nxc3 10. bxc3 e4 11. Rxe4 Bxc3 12. Rb1 O-O 13. Bg5 Qd7 14. Bd2 Bf6
15. Rxb7 Bxa2 16. Bf4 Rfc8 17. Ng5 Bxg5 18. Bxg5 Rcb8 19. Rxb8+ Rxb8 20. Re1 Nd4
21. c3 Ne6 22. Be3 a5 23. Qa1 Bd5 24. Bh3 Ba8 25. Rb1 Rxb1+ 26. Qxb1 Qc6 27.
Qb8+ Nf8 28. f3 Qxf3 29. Bc5 Qh1+ 30. Kf2 Qxh2+ 31. Ke1 Qxg3+ 32. Kd2 Qg5+ 33.
Be3 Qd5 34. Qxc7 Qa2+ 35. Kc1 Qa1+ 36. Kc2 a4 37. Qc8 Bf3 38. Bc5 Qd1+ 39. Kb2
Qb3+ 40. Kc1 Qxc3+ 41. Kb1 Qxd3+ 42. Kc1 Qc3+ 43. Kb1 Be4+ 44. Ka2 Qb3+ 45. Ka1
Qb1# 0-1

[Event "Live Chess"]
[Site "Chess.com"]
[Date "2020.07.14"]
[Round "-"]
[White "J3Chess24"]
[Black "Dontmesswithme_2"]
[Result "0-1"]
[WhiteElo "1869"]
[BlackElo "2078"]
[TimeControl "2100+2"]
[EndTime "20:45:38 PDT"]
[Termination "Dontmesswithme_2 won by resignation"]

1. e4 c5 2. c3 Nf6 3. e5 Nd5 4. d4 cxd4 5. Nf3 d6 6. cxd4 Nc6 7. Bc4 Nb6 8. Bb5
d5 9. Nc3 Bf5 10. Nh4 Bd7 11. f4 a6 12. Bxc6 Bxc6 13. e6 fxe6 14. Qh5+ Kd7 15.
Nf3 Qe8 16. Ne5+ Kc7 17. Nf7 Nd7 18. f5 Nf6 19. Bf4+ Kc8 20. Na4 Bxa4 21. Rc1+
Bc6 22. Qd1 Qxf7 23. Qb3 exf5 24. Qb6 Qe6+ 25. Kf2 Ne4+ 26. Kf3 Qd7 27. Rxc6+
bxc6 28. Rc1 c5 29. dxc5 g5 30. Bd6 g4+ 31. Ke2 Qb5+ 0-1

[Event "Live Chess"]
[Site "Chess.com"]
[Date "2020.07.14"]
[Round "-"]
[White "kclemens"]
[Black "bobbejaan"]
[Result "1-0"]
[WhiteElo "1997"]
[BlackElo "1884"]
[TimeControl "2100+2"]
[EndTime "20:47:30 PDT"]
[Termination "kclemens won by resignation"]

1. Nf3 Nf6 2. d4 d6 3. c4 g6 4. Nc3 Bg7 5. e4 O-O 6. Be2 e5 7. d5 Nbd7 8. Bg5 h6
9. Bh4 a5 10. O-O Nc5 11. Nd2 g5 12. Bg3 a4 13. b4 axb3 14. axb3 Rxa1 15. Qxa1
Bg4 16. Bxg4 Nxg4 17. h3 Nf6 18. f3 h5 19. Nd1 Bh6 20. b4 Nd3 21. Qb1 Nf4 22.
Bxf4 gxf4 23. c5 Bg5 24. Nc4 Kh7 25. Nc3 Rg8 26. cxd6 cxd6 27. Nb5 Ne8 28. Rc1
Qd7 29. Nca3 Bd8 30. Kh1 Rg3 31. Qc2 Bb6 32. Qc8 Qe7 33. Nc4 Be3 34. Qf5+ Kh6
35. Nxe3 fxe3 36. Re1 Ng7 37. Qc8 Qg5 38. Re2 h4 39. Nxd6 Nh5 40. Nxf7+ 1-0

[Event "Live Chess"]
[Site "Chess.com"]
[Date "2020.07.14"]
[Round "-"]
[White "ChessTX9"]
[Black "saatvik1"]
[Result "1-0"]
[WhiteElo "1988"]
[BlackElo "1797"]
[TimeControl "2100+2"]
[EndTime "21:10:40 PDT"]
[Termination "ChessTX9 won by checkmate"]

1. Nf3 d6 2. g3 g6 3. Bg2 Bg7 4. O-O e5 5. d3 c6 6. e4 Ne7 7. Be3 O-O 8. c3 d5
9. Ne1 f5 10. exd5 cxd5 11. d4 f4 12. Bc1 fxg3 13. hxg3 exd4 14. cxd4 Nbc6 15.
Bg5 Qb6 16. Nc3 Kh8 17. Nd3 Qxd4 18. Nf4 Qxd1 19. Raxd1 d4 20. Nb5 Rf5 21. Nxd4
Rxg5 22. Nxc6 bxc6 23. Rd8+ Ng8 24. Bxc6 Bb7 25. Rxa8 Bxa8 26. Bxa8 Bxb2 27. Rb1
Be5 28. Ne6 Rf5 29. Rb8 Rf6 30. Re8 h6 31. Bd5 Kh7 32. Nf8+ Kg7 33. Nd7 Rd6 34.
Rxg8+ Kh7 35. Nf8# 1-0

[Event "Live Chess"]
[Site "Chess.com"]
[Date "2020.07.14"]
[Round "-"]
[White "ashikuzzaman"]
[Black "1-h4-1-0"]
[Result "1-0"]
[WhiteElo "1940"]
[BlackElo "1572"]
[TimeControl "2100+2"]
[EndTime "20:40:17 PDT"]
[Termination "ashikuzzaman won by checkmate"]

1. e4 c5 2. Nc3 Nc6 3. f4 g6 4. Nf3 Bg7 5. Bb5 e6 6. Bxc6 bxc6 7. O-O d5 8. d3
Ne7 9. Kh1 O-O 10. Qe1 a5 11. Na4 Ba6 12. Nxc5 Bb5 13. a4 Ba6 14. Nxa6 Rxa6 15.
Rb1 c5 16. b3 Nc6 17. Ba3 Nb4 18. Qe2 Rc6 19. Ne5 Rc7 20. c3 Nc6 21. Nxc6 Rxc6
22. d4 Qc7 23. Bxc5 Rb8 24. b4 axb4 25. cxb4 dxe4 26. Qxe4 Ra6 27. a5 Qd7 28.
Rfd1 Rd8 29. Bb6 Rb8 30. b5 Raxb6 31. axb6 Rxb6 32. Qa8+ Bf8 33. d5 Rxb5 34.
Rxb5 Qxb5 35. d6 Qb3 36. Qa1 Qb6 37. d7 Qd8 38. Qa7 Be7 39. Qb7 Kg7 40. Qc8 Kf6
41. g3 Kf5 42. Kg2 Kg4 43. h3+ Kf5 44. Qc2+ Kf6 45. Qc3+ Kf5 46. Qe5# 1-0

[Event "Live Chess"]
[Site "Chess.com"]
[Date "2020.07.14"]
[Round "-"]
[White "Berrovsky"]
[Black "Kondsaga"]
[Result "1/2-1/2"]
[WhiteElo "1671"]
[BlackElo "1934"]
[TimeControl "2100+2"]
[EndTime "21:11:32 PDT"]
[Termination "Game drawn by agreement"]

1. e4 e6 2. d4 d5 3. exd5 exd5 4. h3 Bd6 5. Bd3 Ne7 6. Nf3 O-O 7. O-O Bf5 8. Re1
Bxd3 9. Qxd3 c6 10. b3 Nd7 11. c4 dxc4 12. bxc4 Ng6 13. g3 Qc7 14. Kg2 Rae8 15.
Rxe8 Rxe8 16. Nc3 Nf6 17. Be3 h5 18. c5 Be7 19. d5 cxd5 20. Nxd5 Nxd5 21. Qxd5
h4 22. Rb1 b6 23. cxb6 axb6 24. Bxb6 Qc2 25. Qb3 Qc6 26. Qb5 Qa8 27. a4 hxg3 28.
fxg3 Bf6 29. Kf2 Ne5 30. Nxe5 Rxe5 31. Qd3 Qxa4 32. Bd4 Re8 33. Bxf6 gxf6 34.
Rd1 Qa7+ 35. Qd4 Qe7 36. Qg4+ Kf8 37. Qf3 Qe4 38. Qxe4 Rxe4 39. Kf3 Re5 40. Rd7
Kg7 41. Kf4 Kg6 42. Rd8 Rf5+ 43. Kg4 Rg5+ 44. Kf3 Rf5+ 45. Kg2 Ra5 46. Rg8+ Kh7
47. Rg4 Ra3 48. h4 Kh6 49. Kh3 f5 50. Rf4 Kg6 51. h5+ Kxh5 52. Rxf5+ Kg6 53. Rf4
1/2-1/2

[Event "Live Chess"]
[Site "Chess.com"]
[Date "2020.07.14"]
[Round "-"]
[White "rachael1120"]
[Black "BogusAurelius"]
[Result "0-1"]
[WhiteElo "1624"]
[BlackElo "2029"]
[TimeControl "2100+2"]
[EndTime "21:00:54 PDT"]
[Termination "BogusAurelius won by checkmate"]

1. e4 e5 2. Nf3 Nc6 3. Bc4 Bc5 4. c3 d6 5. d4 exd4 6. cxd4 Bb4+ 7. Bd2 Bxd2+ 8.
Nbxd2 Nf6 9. O-O O-O 10. Rc1 d5 11. exd5 Nxd5 12. Re1 Bg4 13. Nb3 Nb6 14. Be2
Re8 15. Qd2 a5 16. Red1 Qf6 17. d5 Nxd5 18. Qxd5 Rxe2 19. Rd2 Bxf3 20. Qxf3 Qxf3
21. gxf3 Rxd2 22. Nxd2 Rd8 23. Ne4 Rd5 24. Kg2 Rb5 25. b3 Kf8 26. Rc5 Rxc5 27.
Nxc5 Nd8 28. Kg3 Ke7 29. Kf4 Ne6+ 30. Nxe6 Kxe6 31. Ke4 b5 32. Kd4 Kd6 33. a3
c5+ 34. Ke4 g6 35. f4 f5+ 36. Kd3 Kd5 37. f3 h6 38. h4 h5 39. Kc3 c4 40. bxc4+
bxc4 41. Kc2 Kd4 42. Kd2 c3+ 43. Kc2 Kc4 44. a4 Kb4 45. Kd3 Kb3 46. Kd4 c2 47.
Ke5 c1=Q 48. Kf6 Qg1 49. Ke5 Kxa4 50. Kf6 Kb4 51. Ke5 a4 52. Kf6 a3 53. Ke5 a2
54. Kf6 a1=Q+ 55. Ke6 Qb6+ 56. Kf7 Qaa7+ 57. Ke8 Qbb8# 0-1

[Event "Live Chess"]
[Site "Chess.com"]
[Date "2020.07.14"]
[Round "-"]
[White "FlightsOfFancy"]
[Black "cesart_B32"]
[Result "0-1"]
[WhiteElo "2075"]
[BlackElo "1600"]
[TimeControl "2100+2"]
[EndTime "20:11:31 PDT"]
[Termination "cesart_B32 won by resignation"]

1. c4 d6 2. d4 Nf6 3. Nc3 g6 4. e4 Bg7 5. Nf3 O-O 6. Be2 e5 7. Be3 Nc6 8. d5 Ne7
9. Nd2 Ne8 10. b4 f5 11. f3 f4 12. Bf2 g5 13. c5 Ng6 14. Nc4 h5 15. cxd6 Nxd6
16. Nxd6 cxd6 17. a4 a6 18. a5 Bd7 19. Na4 Bxa4 20. Qxa4 Rc8 21. O-O Rf7 22. Bb6
Qd7 23. Rac1 Qxa4 0-1

[Event "Live Chess"]
[Site "Chess.com"]
[Date "2020.07.14"]
[Round "-"]
[White "pika0008"]
[Black "oka_ako"]
[Result "0-1"]
[WhiteElo "1607"]
[BlackElo "1980"]
[TimeControl "2100+2"]
[EndTime "20:46:10 PDT"]
[Termination "oka_ako won by resignation"]

1. Nf3 Nf6 2. c4 e6 3. Nc3 d5 4. e3 Be7 5. b3 O-O 6. Bb2 b6 7. Be2 Bb7 8. Rg1 c5
9. d4 Nc6 10. g4 cxd4 11. exd4 Ne4 12. Qc2 Nb4 13. Qb1 Bh4 14. Nd1 Rc8 15. a3
Nc6 16. Bd3 f5 17. gxf5 exf5 18. cxd5 Na5 19. b4 Nc4 20. Bxc4 Rxc4 21. Ne5 Bxd5
22. Nxc4 Bxc4 23. d5 g6 24. Rg3 Nxg3 25. hxg3 Re8+ 26. Kd2 Qxd5+ 27. Kc1 Bb3 28.
Nc3 Re1+ 0-1

[Event "Live Chess"]
[Site "Chess.com"]
[Date "2020.07.14"]
[Round "-"]
[White "laurengoodkindchess"]
[Black "I_have_your_king"]
[Result "1-0"]
[WhiteElo "1856"]
[BlackElo "1411"]
[TimeControl "2100+2"]
[EndTime "21:11:59 PDT"]
[Termination "laurengoodkindchess won by checkmate"]

1. e4 e5 2. Nf3 Nc6 3. c3 Nf6 4. d4 exd4 5. e5 Nd5 6. Qb3 Nb6 7. cxd4 Bb4+ 8.
Nc3 O-O 9. Bb5 Be7 10. d5 Nb8 11. O-O c6 12. Bd3 d6 13. exd6 Bxd6 14. Bg5 Be7
15. Bxe7 Qxe7 16. Rfe1 Qd8 17. Qc2 g6 18. dxc6 Nxc6 19. a3 Re8 20. Ne4 Bf5 21.
Rad1 Rc8 22. Qb1 Bg4 23. Bc4 Nd7 24. Nd6 Rxe1+ 25. Rxe1 Nde5 26. Nxe5 Nxe5 27.
Nxc8 Qxc8 28. Rxe5 Qxc4 29. Re8+ Kg7 30. Qe1 Qd4 31. Qe5+ Qxe5 32. Rxe5 Bd7 33.
Re7 Bc6 34. f4 Kf6 35. Re5 Kg7 36. Kf2 Kf6 37. g4 h6 38. h4 Kg7 39. Ke3 Kf6 40.
Kd4 Kg7 41. Kc5 Kf6 42. b4 a6 43. Kb6 Kg7 44. Ka5 Kf6 45. a4 Bf3 46. g5+ hxg5
47. hxg5+ Kg7 48. b5 axb5 49. axb5 Kf8 50. Kb6 Bg2 51. Rc5 Kg7 52. Rc7 Kf8 53.
Rxb7 Ke8 54. Rc7 Bd5 55. Rc5 Bf3 56. Kc7 Ke7 57. Re5+ Kf8 58. b6 Kg7 59. b7 Bxb7
60. Kxb7 Kf8 61. Kc7 Kg7 62. Kd6 Kf8 63. Kd7 Kg7 64. Ke7 Kg8 65. Kf6 Kf8 66. Re7
Kg8 67. Rxf7 Kh8 68. Kxg6 Kg8 69. Rf6 Kh8 70. Rf8# 1-0

[Event "Live Chess"]
[Site "Chess.com"]
[Date "2020.07.14"]
[Round "-"]
[White "rilbear"]
[Black "A-boy415"]
[Result "0-1"]
[WhiteElo "1263"]
[BlackElo "1831"]
[TimeControl "2100+2"]
[EndTime "21:00:47 PDT"]
[Termination "A-boy415 won by resignation"]

1. d3 d5 2. Nf3 c5 3. g3 Nc6 4. Bg2 e5 5. O-O Nf6 6. Bg5 Be7 7. Nbd2 Be6 8. e4
d4 9. Ne1 O-O 10. f4 Bg4 11. Bf3 Bh3 12. Bg2 Bxg2 13. Kxg2 exf4 14. gxf4 b5 15.
Rg1 Nd7 16. Kh1 Bxg5 17. Rxg5 h6 18. Rg1 Qh4 19. Qf3 a5 20. Qg2 g6 21. f5 Nce5
22. Nef3 Qh5 23. Raf1 Kh8 24. Qg3 Rae8 25. Nxe5 Nxe5 26. Rf4 g5 27. Rh4 Qxh4 28.
Qg2 f6 29. Nb3 c4 30. Nxd4 cxd3 31. Ne6 Rf7 32. cxd3 Nxd3 33. Qf3 Qxe4 34. Qxe4
Nf2+ 35. Kg2 Nxe4 36. Rd1 Rfe7 37. Kf3 Rxe6 38. fxe6 Rxe6 39. Rd8+ Kg7 40. Rd5
Nd6 41. a4 bxa4 42. Rxa5 Nc4 43. Rxa4 Nxb2 44. Rd4 h5 45. h3 Kg6 46. h4 g4+ 47.
Kf4 Re1 48. Rd8 Nd1 49. Rg8+ Kh7 50. Rf8 Rf1+ 51. Kg3 Rf3+ 52. Kh2 Ne3 53. Ra8
g3+ 54. Kh3 g2+ 55. Kh2 Rf1 56. Kh3 Rh1+ 57. Kg3 g1=Q+ 58. Kf3 Rh3+ 59. Ke2 Qd1+
0-1

[Event "Live Chess"]
[Site "Chess.com"]
[Date "2020.07.14"]
[Round "-"]
[White "cccalboy"]
[Black "chessboi2010"]
[Result "0-1"]
[WhiteElo "1794"]
[BlackElo "1506"]
[TimeControl "2100+2"]
[EndTime "20:25:47 PDT"]
[Termination "chessboi2010 won by resignation"]

1. e4 c5 2. Nf3 d6 3. d4 cxd4 4. Nxd4 Nf6 5. Nc3 g6 6. Bg5 Bg7 7. f4 O-O 8. Bd3
Ng4 9. Nf3 Qb6 10. Qe2 Qxb2 11. O-O Qxc3 12. Bxe7 Qc5+ 13. Kh1 Re8 0-1

[Event "Live Chess"]
[Site "Chess.com"]
[Date "2020.07.14"]
[Round "-"]
[White "kevin_mx_sun"]
[Black "ahyanzaman"]
[Result "1/2-1/2"]
[WhiteElo "1009"]
[BlackElo "1699"]
[TimeControl "2100+2"]
[EndTime "21:07:47 PDT"]
[Termination "Game drawn - insufficient material"]

1. e4 c5 2. Nc3 Nc6 3. f4 g6 4. Nf3 Bg7 5. Bb5 e6 6. O-O Nge7 7. d3 O-O 8. Qe1
f5 9. e5 a6 10. Bxc6 Nxc6 11. Be3 b6 12. d4 cxd4 13. Nxd4 Bb7 14. Rd1 Qc7 15.
Qf2 Rfe8 16. Nxc6 Qxc6 17. Bxb6 Bh6 18. Be3 Kf7 19. Rd6 Qc8 20. Rfd1 Re7 21. Qh4
Bg7 22. Qxh7 Bxg2 23. Qh4 Qb7 24. b3 Rh8 25. Qg3 Bf3 26. Rf1 Bg4 27. Na4 Rh3 28.
Qe1 Qe4 29. Bd2 Qxc2 30. Nc3 Qb2 31. Qc1 Qxc1 32. Rxc1 Bh6 33. Na4 Rf3 34. Rc4
Bh3 35. Rc1 Bxf4 36. Bxf4 Rxf4 37. Nc5 Rg4+ 38. Kh1 Rg2 39. Rd3 Rxa2 40. Rxh3
Re2 41. Nd3 Kg7 42. Rg1 Re8 43. Rhg3 Rh8 44. Rxg6+ Kf7 45. R6g2 Re3 46. Rg3 Re2
47. R1g2 Re4 48. Rg7+ Ke8 49. Rg8+ Rxg8 50. Rxg8+ Kf7 51. Ra8 Re3 52. Nf2 Rxb3
53. Rxa6 Rb5 54. Nd3 Rd5 55. Rd6 Rxd6 56. exd6 Kf6 57. Nc5 Ke5 58. Nxd7+ Kxd6
59. Nb6 Ke5 60. Kg2 Ke4 61. Nd7 e5 62. Nf6+ Kf4 63. h4 e4 64. Kf2 Ke5 65. Nh5 f4
66. Ke2 Kf5 67. Nxf4 Kxf4 68. h5 Kg5 69. Ke3 Kxh5 70. Kxe4 1/2-1/2

[Event "Live Chess"]
[Site "Chess.com"]
[Date "2020.07.14"]
[Round "-"]
[White "KeRtheBarbarian"]
[Black "vish1080"]
[Result "1-0"]
[WhiteElo "1739"]
[BlackElo "1664"]
[TimeControl "2100+2"]
[EndTime "20:39:29 PDT"]
[Termination "KeRtheBarbarian won by resignation"]

1. e4 c5 2. Nc3 Nc6 3. f4 e6 4. Nf3 g6 5. Bb5 Bg7 6. Bxc6 bxc6 7. e5 Ba6 8. Ne4
Qa5 9. Nd6+ Kf8 10. c4 h6 11. O-O Ne7 12. g4 Nc8 13. d3 Nxd6 14. exd6 Bd4+ 15.
Nxd4 cxd4 16. f5 gxf5 17. gxf5 c5 18. Qf3 Rg8+ 19. Kf2 Rb8 20. fxe6 dxe6 21.
Bxh6+ Ke8 22. Qc6+ Kd8 23. Qc7+ Qxc7 24. dxc7+ Kxc7 25. Bf4+ Kd7 26. Bxb8 Rxb8
27. b3 f5 28. Rae1 Kd6 29. Rg1 Rh8 30. Rg6 Rxh2+ 31. Kg3 Rxa2 32. Rexe6+ 1-0

[Event "Live Chess"]
[Site "Chess.com"]
[Date "2020.07.14"]
[Round "-"]
[White "starserika18"]
[Black "gmbchess"]
[Result "0-1"]
[WhiteElo "1693"]
[BlackElo "1494"]
[TimeControl "2100+2"]
[EndTime "20:50:46 PDT"]
[Termination "gmbchess won by resignation"]

1. d4 d5 2. Nf3 Nf6 3. Bf4 e6 4. Nbd2 Bd6 5. Bg3 O-O 6. e3 Re8 7. Be2 Nbd7 8.
Bh4 c6 9. c4 dxc4 10. Nxc4 Be7 11. Rc1 Ne4 12. Bxe7 Qxe7 13. O-O Ndf6 14. Qc2
Bd7 15. Bd3 Nd6 16. Nce5 h6 17. h3 Nd5 18. Bh7+ Kh8 19. Bg6 Red8 20. Nxd7 Rxd7
21. Ne5 Rc7 22. e4 Nf4 23. Bxf7 Nxf7 24. Qd2 Nxe5 25. Qxf4 Nd3 26. Qg3 Nxc1 27.
Rxc1 Rac8 28. Rc5 Qd7 29. Re5 Qxd4 30. Rxe6 Qxb2 31. Qg6 Rf8 32. Qg3 Rcf7 33. f3
Qc1+ 34. Kf2 Qd2+ 35. Kg1 Qf4 36. Qf2 Rd7 37. Qc5 Rfd8 38. g3 Rd1+ 39. Kg2 R8d2+
0-1

[Event "Live Chess"]
[Site "Chess.com"]
[Date "2020.07.14"]
[Round "-"]
[White "pranavpradeep2006"]
[Black "imcharlene"]
[Result "0-1"]
[WhiteElo "1252"]
[BlackElo "1124"]
[TimeControl "2100+2"]
[EndTime "20:34:32 PDT"]
[Termination "imcharlene won by resignation"]

1. e4 e5 2. Nf3 Nc6 3. Bb5 Nf6 4. d3 Bc5 5. Nc3 O-O 6. O-O d6 7. Be3 Nd4 8. Bxd4
exd4 9. Ne2 c6 10. Ba4 Bg4 11. Ng3 a5 12. a3 d5 13. Re1 b5 14. Bb3 a4 15. Ba2 b4
16. h3 Be6 17. e5 Nd7 18. Qd2 bxa3 19. bxa3 Bxa3 20. Bxd5 Bxd5 21. Rxa3 Qe7 22.
Qc1 Bxf3 23. gxf3 Nxe5 24. Kg2 Qf6 25. f4 Ng6 26. Re4 Nh4+ 27. Kh2 Nf5 28. Nxf5
Qxf5 29. Rxd4 Qc5 30. Raxa4 Rxa4 31. Rxa4 Qxf2+ 32. Kh1 Qf3+ 33. Kh2 Re8 34. Qe1
Re2+ 35. Qxe2 Qxe2+ 36. Kg1 h6 37. Re4 Qxc2 38. Rc4 Qxd3 39. Rxc6 Qxh3 40. Rc8+
Qxc8 0-1

[Event "Live Chess"]
[Site "Chess.com"]
[Date "2020.07.14"]
[Round "-"]
[White "Daniel_Perlov"]
[Black "dynamiccase2"]
[Result "1/2-1/2"]
[WhiteElo "1364"]
[BlackElo "1129"]
[TimeControl "2100+2"]
[EndTime "20:31:02 PDT"]
[Termination "Game drawn by repetition"]

1. d4 d5 2. c4 e6 3. Nf3 Nf6 4. g3 Nbd7 5. Bg2 b6 6. O-O c5 7. cxd5 exd5 8. b3
Be7 9. Bb2 O-O 10. Nc3 Bb7 11. dxc5 bxc5 12. e3 Re8 13. Nd2 Nb6 14. e4 dxe4 15.
Ndxe4 Nxe4 16. Nxe4 Bxe4 17. Bxe4 Qxd1 18. Rfxd1 Rad8 19. Kg2 Bg5 20. Bf3 h6 21.
h4 Bf6 22. Bxf6 gxf6 23. Re1 Re6 24. Rac1 Rxe1 25. Rxe1 Rd2 26. Ra1 c4 27. bxc4
Nxc4 28. Rc1 Ne5 29. Ra1 Nd3 30. Be4 Nxf2 31. Bc6 Nd3+ 32. Kf3 Ne5+ 33. Ke3 Rd3+
34. Ke4 Rxg3 35. Bd5 Rg4+ 36. Ke3 Rxh4 37. Rf1 Kg7 38. Rb1 Ra4 39. Bb3 Rb4 40.
Rg1+ Rg4 41. Rc1 Rg3+ 42. Ke4 Rg4+ 43. Ke3 Rb4 44. Rg1+ Rg4 45. Rc1 1/2-1/2

[Event "Live Chess"]
[Site "Chess.com"]
[Date "2020.07.14"]
[Round "-"]
[White "pegasus1015"]
[Black "camachom"]
[Result "1/2-1/2"]
[WhiteElo "1523"]
[BlackElo "1031"]
[TimeControl "2100+2"]
[EndTime "20:56:20 PDT"]
[Termination "Game drawn by agreement"]

1. Nf3 Nf6 2. d4 d6 3. c4 g6 4. Nc3 Bg7 5. e4 Bg4 6. Be2 O-O 7. h3 Bc8 8. O-O
Nbd7 9. Be3 e5 10. d5 Ne8 11. Qd2 f5 12. exf5 gxf5 13. Ng5 Ndf6 14. c5 f4 15.
Bxf4 exf4 16. Qxf4 Nxd5 17. Qh4 Ndf6 18. Bc4+ Kh8 19. Nxh7 Nxh7 20. Qxd8 Bf6 21.
Qxf6+ Nexf6 22. cxd6 cxd6 23. Rad1 b6 24. Rxd6 Bb7 25. Bd5 Nxd5 26. Nxd5 Rg8 27.
Ne7 Rxg2+ 28. Kh1 Rxf2+ 29. Kg1 Rg2+ 30. Kh1 Rxb2+ 31. Nc6 Rg8 32. Rf7 Rb1+ 33.
Kh2 Rb2+ 34. Kh1 Re8 35. Kg1 Rg8+ 36. Kf1 Rb1+ 37. Ke2 Ba6+ 38. Kd2 Rg2+ 39. Kc3
Rc1+ 40. Kb4 Rb1+ 41. Kc3 Rc1+ 42. Kb4 Rb1+ 1/2-1/2

[Event "Live Chess"]
[Site "Chess.com"]
[Date "2020.07.14"]
[Round "-"]
[White "caodanny"]
[Black "JonoBat"]
[Result "0-1"]
[WhiteElo "843"]
[BlackElo "1237"]
[TimeControl "2100+2"]
[EndTime "21:17:21 PDT"]
[Termination "JonoBat won on time"]

1. Nf3 d5 2. d4 Nc6 3. c4 dxc4 4. e3 e6 5. Bxc4 Bb4+ 6. Nc3 Bxc3+ 7. bxc3 Nf6 8.
Ba3 Ne7 9. O-O O-O 10. Qb3 Re8 11. Rfe1 b6 12. Bd3 Bb7 13. e4 Ng6 14. Rad1 Nd7
15. Bb5 c6 16. Bd3 Qc7 17. e5 c5 18. Be4 Bxe4 19. Rxe4 Qc6 20. d5 exd5 21. Qxd5
Qxd5 22. Rxd5 f5 23. Re1 Rad8 24. e6 Nf6 25. Rxd8 Rxd8 26. Bc1 h6 27. h4 Ne7 28.
c4 a6 29. Bf4 b5 30. Ne5 bxc4 31. Nxc4 Nfd5 32. Bd6 g6 33. Bxc5 Rc8 34. Bxe7
Nxe7 35. Ne5 a5 36. Rd1 a4 37. Rd7 Kf8 38. Nf7 Rc1+ 39. Kh2 Rc6 40. Rd8+ Kg7 41.
Rh8 Rxe6 0-1

[Event "Live Chess"]
[Site "Chess.com"]
[Date "2020.07.14"]
[Round "-"]
[White "Ryanwang01"]
[Black "Mangonel"]
[Result "0-1"]
[WhiteElo "1725"]
[BlackElo "1940"]
[TimeControl "2100+2"]
[EndTime "21:18:35 PDT"]
[Termination "Mangonel won on time"]

1. d4 e6 2. c4 b6 3. Nc3 Bb7 4. e4 Bb4 5. Bd3 f5 6. Ne2 fxe4 7. Bc2 Nf6 8. O-O
O-O 9. a3 Bd6 10. Ng3 Bxg3 11. fxg3 d5 12. Bf4 c6 13. Qe2 Ba6 14. Rfd1 Bxc4 15.
Qd2 Qe7 16. b3 Ba6 17. Ne2 Nbd7 18. Be3 Bxe2 19. Qxe2 Rf7 20. Rf1 Raf8 21. Bf4
e5 22. dxe5 Nxe5 23. Bxe5 Qxe5 24. Rac1 Nd7 25. Rxf7 Rxf7 26. Rf1 Qd4+ 27. Kh1
Rxf1+ 28. Qxf1 Ne5 29. Qd1 Qxd1+ 30. Bxd1 c5 31. Kg1 d4 32. Kf2 b5 33. Ke2 c4
34. bxc4 bxc4 35. Kd2 Kf7 36. Bc2 Nd3 37. Kd1 Ke6 0-1